 Dungeon Crawl Stone Soup version 0.20.0-10-g0535bb4 (webtiles) character file.

1427 Naow the Cleaver (level 8, -3/73 HPs)
             Began as a Hill Orc Fighter on June 7, 2017.
             Was a Follower of Okawaru.
             Slain by a wight
             ... wielding a +0 halberd
              (10 damage)
             ... on level 6 of the Dungeon.
             The game lasted 00:07:36 (6214 turns).

Naow the Cleaver (Hill Orc Fighter)                 Turns: 6214, Time: 00:07:36

Health: -3/73      AC: 10    Str: 21    XL:     8   Next: 72%
Magic:  7/9        EV: 10    Int:  8    God:    Okawaru [*.....]
Gold:   272        SH: 10    Dex: 10    Spells: 7/7 levels left

rFire    + . .     SeeInvis .   a - +0 war axe
rCold    x . .     Gourm    .   c - +0 shield
rNeg     . . .     Faith    .   b - +0 scale mail
rPois    .         Spirit   .   (no helmet)
rElec    .         Reflect  .   (no cloak)
rCorr    .         Harm     .   u - +0 pair of gloves
MR       .....                  (no boots)
Stlth    +.........             (no amulet)
Regen    0.3/turn               s - ring of fire
MPRegen  0.2/turn               (no ring)

@: heroism, hasted, heavily drained, very quick
A: no striking features
a: Heroism, Renounce Religion


You were on level 6 of the Dungeon.
You worshipped Okawaru.
Okawaru was aware of your devotion.
You were not hungry.

You visited 2 branches of the dungeon, and saw 7 of its levels.

You collected 272 gold pieces.

Inventory:

Hand Weapons
 a - a +0 war axe (weapon)
Armour
 b - a +0 scale mail (worn)
 c - a +0 shield (worn)
 u - a +0 pair of gloves (worn)
Jewellery
 s - a ring of fire (left hand)
Scrolls
 e - 2 scrolls of remove curse
 i - a scroll of noise {unknown}
 k - a scroll of magic mapping {unknown}
 l - 2 scrolls of immolation {unknown}
 n - 2 scrolls of amnesia {unknown}
 r - 3 scrolls of identify {unknown}
 t - 2 scrolls of enchant weapon {unknown}
 w - 2 scrolls of fear {unknown}
 x - a scroll of teleportation {unknown}
 y - a scroll of blinking {unknown}
Potions
 d - a potion of might
 g - a potion of curing {unknown}
 j - 2 potions of brilliance {unknown}
 p - 2 potions of haste
 q - 3 potions of invisibility {unknown}
 v - 2 potions of degeneration {unknown}
Books
 h - a book of Ice

   Spells                             Type                      Level
   a - Ice Form                       Ice/Transmutation            4
   b - Metabolic Englaciation         Hexes/Ice                    5
   c - Ozocubu's Refrigeration        Ice                          6
   d - Bolt of Cold                   Conjuration/Ice              6
   e - Freezing Cloud                 Conjuration/Ice/Air          6
   f - Simulacrum                     Ice/Necromancy               6
Comestibles
 f - 3 bread rations
 m - 2 meat rations
 o - 4 royal jellies
 z - a chunk of flesh


   Skills:
 + Level 7.2(10.8) Fighting
 * Level 9.7(13.2) Axes
 + Level 6.7(10.3) Armour
 - Level 3.3(7.0) Shields
 + Level 1.6(0.6) Invocations


You had 7 spell levels left.
You didn't know any spells.

Dungeon Overview and Level Annotations

Branches:
Dungeon (6/15)             Temple (1/1) D:5

Altars:
Ashenzari
Cheibriados
Elyvilon
Fedhas
Gozag
Hepliaklqana
Kikubaaqudgha
Makhleb
Nemelex Xobeh
Okawaru
Qazlal
Ru
Sif Muna
Uskayaw
Vehumet
Xom
Yredelemnul
Zin
The Shining One

Shops:
D:5 ?


Message History

You hit the wight but do no damage.
The wight is almost destroyed.
The wight hits you from afar with a halberd.
* * * LOW HITPOINT WARNING * * *
You feel drained.
* * * LOW HITPOINT WARNING * * *
You completely miss the wight.
The wight is almost destroyed.
The wight hits you with a war axe of freezing.
* * * LOW HITPOINT WARNING * * *
The wight freezes you.
* * * LOW HITPOINT WARNING * * *
It was a potion of haste.
You feel yourself speed up.
The wight hits you from afar with a halberd.
* * * LOW HITPOINT WARNING * * *
You block the wight's attack.
Your shield and scale mail prevent you from hitting the wight.
The wight is almost destroyed.
The wight hits you from afar with a halberd!
You die...

#. #.#.# #. #.#.# #.# #.#.#
#.# # #.#.# #.# #. #.#.#
#.# .# ##.#.### #.# .# ##
[..#.<.######.######.#...#.
#......?.)....zz@..........
#..#.....)....###.#.##...##
#..##.######### #.#.# ##
...##.# #.... .#.##.#
...... ...##.# ##...##
#.###.# ...## . ..# #..#


You could see 2 wights.

Vanquished Creatures
  The ghost of Glitchraptor the Chopper, a novice DrCj of Fedhas (D:4)
  2 black bears (D:6)
  A phantom (D:3)
  A scorpion (D:5)
  A water moccasin skeleton (D:6)
  3 wights (D:6)
  2 crimson imps (D:5)
  A bullfrog zombie (D:6)
  A hound (D:3)
  A bullfrog skeleton (D:4)
  3 centaur skeletons
  3 orc wizards
  4 worker ants
  A howler monkey skeleton (D:5)
  8 adders
  A shadow imp (D:5)
  An adder skeleton (D:4)
  2 worms (D:3)
  4 dart slugs
  2 leopard geckos
  15 orcs
  2 ball pythons
  3 bats (D:2)
  2 giant cockroaches
  7 goblins
  11 hobgoblins
  9 jackals
  6 quokkas
  A ball python skeleton (D:4)
  6 frilled lizards
  12 kobolds
  5 rats
122 creatures vanquished.

Notes
Turn   | Place    | Note
-------+----------+-------------------------------------------
     0 | D:1      | Naow the Hill Orc Fighter began the quest for the Orb.
     0 | D:1      | Reached XP level 1. HP: 19/19 MP: 1/1
   126 | D:1      | Reached XP level 2. HP: 24/27 MP: 2/2
   168 | D:1      | Reached skill level 3 in Axes
   568 | D:1      | Reached XP level 3. HP: 32/33 MP: 3/3
   940 | D:2      | Found an ancient bone altar of Kikubaaqudgha.
  1074 | D:2      | Reached skill level 4 in Axes
  1074 | D:2      | Reached XP level 4. HP: 35/41 MP: 4/4
  1829 | D:3      | Found a glowing silver altar of Zin.
  1857 | D:3      | Found a blossoming altar of Fedhas.
  1949 | D:3      | Reached XP level 5. HP: 41/47 MP: 5/5
  2157 | D:3      | Found a burning altar of Makhleb.
  2164 | D:3      | Reached skill level 5 in Axes
  2574 | D:3      | Found a white marble altar of Elyvilon.
  2579 | D:3      | Found a glowing golden altar of the Shining One.
  2580 | D:3      | Found a shimmering altar of Xom.
  2580 | D:3      | Found a deep blue altar of Sif Muna.
  2928 | D:4      | Noticed a phantom
  2932 | D:4      | Noticed Glitchraptor's ghost (novice DrCj)
  2935 | D:4      | Reached skill level 5 in Fighting
  3099 | D:3      | Killed a phantom
  3099 | D:3      | Reached skill level 6 in Axes
  3099 | D:3      | Reached XP level 6. HP: 28/56 MP: 6/6
  3629 | D:4      | Reached skill level 5 in Armour
  3832 | D:5      | Entered Level 5 of the Dungeon
  3949 | D:5      | Reached XP level 7. HP: 56/61 MP: 7/7
  4342 | D:5      | Reached skill level 7 in Axes
  4646 | D:5      | Found a staircase to the Ecumenical Temple.
  4651 | Temple   | Entered the Ecumenical Temple
  4721 | Temple   | Became a worshipper of Warmaster Okawaru
  4900 | D:5      | Found Atibuuwk's Magic Scroll Boutique.
  5201 | D:4      | Found a stormy altar of Qazlal.
  5213 | D:4      | Found a shattered altar of Ashenzari.
  5247 | D:4      | Killed Glitchraptor's ghost
  5247 | D:4      | Reached skill level 8 in Axes
  5247 | D:4      | Reached XP level 8. HP: 13/71 MP: 8/8
  5429 | D:4      | Found an iron altar of Okawaru.
  5820 | D:6      | Reached skill level 9 in Axes
  5889 | D:6      | Reached * piety under Okawaru
  6014 | D:6      | Reached skill level 1 in Invocations
  6214 | D:6      | Slain by a wight

Skill      XL: |  1  2  3  4  5  6  7  8 |
---------------+-------------------------+-----
Axes           | 3 4 6 8 9 |  9.7
Fighting       | 4 5 6 7 |  7.2
Armour         | 4 5 6 |  6.7
Invocations    | 1 |  1.6
Shields        | |  3.3

Action                   |  1- 3 |  4- 6 |  7- 9 || total
-------------------------+-------+-------+-------++-------
Melee: War axe           |   141 |   179 |   217 ||   537
Invok: Heroism           |       |       |     2 ||     2
  Use: Potion            |       |       |     2 ||     2
       Scroll            |       |       |     1 ||     1
  Eat: Chunk             |     1 |     9 |     3 ||    13
       Meat ration       |       |       |     1 ||     1
Armor: Scale mail        |    70 |    66 |    99 ||   235
Dodge: Dodged            |    46 |    55 |    47 ||   148
Block: Shield            |    95 |    83 |   113 ||   291
